TOP OF THE 1ST |
So Cal Henvy batting - Pitching for Los Cabos Cartel : LHP Francisco Pérez
|
Pitching: LHP Francisco Pérez
|
|
Batting: RHB William Richardson
|
0-0: Ball 1-0: Fly out, F9 (Flyball, 9M)
|
Batting: LHB José Antonio Santiago
|
0-0: Ground out 3-1 (Groundball, 3L)
|
Batting: RHB Earl Wiggins
|
0-0: Ball 1-0: Foul Ball, location: 2F 1-1: Ball 2-1: Ground out 5-3 (Groundball, 5L)
|
Top of the 1st over - 0 run(s), 0 hit(s), 0 error(s), 0 left on base; So Cal 0 - Los Cabos 0 |
BOTTOM OF THE 1ST |
Los Cabos Cartel batting - Pitching for So Cal Henvy : RHP Alejandro Méndez
|
Pitching: RHP Alejandro Méndez
|
|
Batting: RHB Ángel Garza
|
0-0: Called Strike 0-1: Foul Ball, location: 2F 0-2: Ball 1-2: Ball 2-2: Foul Ball, location: 2F 2-2: Strikes out looking
|
Batting: RHB Oliver Hernández
|
0-0: Called Strike 0-1: Foul Ball, location: 2F 0-2: Ball 1-2: Ball 2-2: Ball 3-2: Foul Ball, location: 2F 3-2: Fly out, F6 (Line Drive, 6)
|
Batting: RHB Jesús Hernández
|
0-0: Ball 1-0: Called Strike 1-1: Foul Ball, location: 2F 1-2: Ball 2-2: Fly out, F3 (Popup, 3F)
|
Bottom of the 1st over - 0 run(s), 0 hit(s), 0 error(s), 0 left on base; So Cal 0 - Los Cabos 0 |
TOP OF THE 2ND |
So Cal Henvy batting - Pitching for Los Cabos Cartel : LHP Francisco Pérez
|
Batting: LHB César Valentín
|
0-0: Called Strike 0-1: Ball 1-1: Swinging Strike 1-2: Foul Ball, location: 2F 1-2: Strikes out swinging
|
Batting: SHB Miguel González
|
0-0: Ball 1-0: Ball 2-0: Called Strike 2-1: Ball 3-1: Foul Ball, location: 2F 3-2: Base on Balls
|
Batting: RHB Rubén Calderón
|
0-0: Swinging Strike 0-1: Swinging Strike 0-2: Strikes out swinging
|
Batting: RHB Morgan Gibbon
|
0-0: Ball 1-0: Ball 2-0: Ground out 1-3 (Groundball, 23)
|
Top of the 2nd over - 0 run(s), 0 hit(s), 0 error(s), 1 left on base; So Cal 0 - Los Cabos 0 |
BOTTOM OF THE 2ND |
Los Cabos Cartel batting - Pitching for So Cal Henvy : RHP Alejandro Méndez
|
Batting: LHB Miguel Rivería
|
0-0: Swinging Strike 0-1: Ball 1-1: Foul Ball, location: 2F 1-2: Strikes out swinging
|
Batting: LHB Willie Wallace
|
0-0: Ball 1-0: Foul Ball, location: 2F 1-1: Fly out, F6 (Popup, 6)
|
Batting: RHB John Pick
|
0-0: Reached on error, E5 (Groundball, 56)
|
Batting: RHB Franklin Shaw
|
0-0: Called Strike 0-1: Called Strike 0-2: Foul Ball, location: 2F 0-2: Fly out, F9 (Flyball, 9LMF)
|
Bottom of the 2nd over - 0 run(s), 0 hit(s), 1 error(s), 1 left on base; So Cal 0 - Los Cabos 0 |
TOP OF THE 3RD |
So Cal Henvy batting - Pitching for Los Cabos Cartel : LHP Francisco Pérez
|
Batting: SHB Alexandre Chabot
|
0-0: Foul Ball, location: 2F 0-1: Ground out 6-3 (Groundball, 6M)
|
Batting: RHB Gregg Nelson
|
0-0: Ground out 4-3 (Groundball, 4)
|
Batting: RHB William Richardson
|
0-0: SINGLE (Line Drive, 34D)
|
Batting: LHB José Antonio Santiago
|
0-0: Ball 1-0: Swinging Strike 1-1: Ball 2-1: Ball 3-1: Called Strike 3-2: Base on Balls William Richardson to second
|
Batting: RHB Earl Wiggins
|
0-0: Called Strike 0-1: Ball 1-1: 3-RUN HOME RUN (Line Drive, 78XD), Distance : 440 ft
|
Batting: LHB César Valentín
|
0-0: Called Strike 0-1: Foul Ball, location: 2F 0-2: Foul Ball, location: 2F 0-2: Foul Ball, location: 2F 0-2: Ground out 5-3 (Groundball, 56)
|
Top of the 3rd over - 3 run(s), 2 hit(s), 0 error(s), 0 left on base; So Cal 3 - Los Cabos 0 |
BOTTOM OF THE 3RD |
Los Cabos Cartel batting - Pitching for So Cal Henvy : RHP Alejandro Méndez
|
Batting: SHB Edgardo Osorio
|
0-0: Called Strike 0-1: Ball 1-1: Foul Ball, location: 2F 1-2: Fly out, F5 (Popup, 15)
|
Batting: RHB Wilbert Rodgers
|
0-0: Ball 1-0: DOUBLE (Flyball, 8RXD)
|
Batting: RHB Ángel Garza
|
0-0: Foul Ball, location: 2F 0-1: DOUBLE (Line Drive, 78D) Wilbert Rodgers scores
|
Batting: RHB Oliver Hernández
|
0-0: Ball 1-0: Reached on error, E6 (Groundball, 6) Ángel Garza to third
|
Batting: RHB Jesús Hernández
|
0-0: Ball 1-0: Grounds into double play, 5-4-3 (Groundball, 56)
|
Bottom of the 3rd over - 1 run(s), 2 hit(s), 1 error(s), 1 left on base; So Cal 3 - Los Cabos 1 |
TOP OF THE 4TH |
So Cal Henvy batting - Pitching for Los Cabos Cartel : LHP Francisco Pérez
|
Batting: SHB Miguel González
|
0-0: Called Strike 0-1: Fly out, F9 (Flyball, 89D)
|
Batting: RHB Rubén Calderón
|
0-0: Called Strike 0-1: Foul Ball, location: 2F 0-2: Ground out 6-3 (Groundball, 6)
|
Batting: RHB Morgan Gibbon
|
0-0: Ball 1-0: Ball 2-0: Called Strike 2-1: Ground out 5-3 (Groundball, 56)
|
Top of the 4th over - 0 run(s), 0 hit(s), 0 error(s), 0 left on base; So Cal 3 - Los Cabos 1 |
BOTTOM OF THE 4TH |
Los Cabos Cartel batting - Pitching for So Cal Henvy : RHP Alejandro Méndez
|
Batting: LHB Miguel Rivería
|
0-0: Swinging Strike 0-1: Foul Ball, location: 2F 0-2: Strikes out looking
|
Batting: LHB Willie Wallace
|
0-0: Ball 1-0: Foul Ball, location: 2F 1-1: Ball 2-1: Ball 3-1: Foul Ball, location: 2F 3-2: Strikes out swinging
|
Batting: RHB John Pick
|
0-0: SINGLE (Line Drive, 9LS)
|
Batting: RHB Franklin Shaw
|
0-0: Fly out, F8 (Flyball, 8LM)
|
Bottom of the 4th over - 0 run(s), 1 hit(s), 0 error(s), 1 left on base; So Cal 3 - Los Cabos 1 |
TOP OF THE 5TH |
So Cal Henvy batting - Pitching for Los Cabos Cartel : LHP Francisco Pérez
|
Pitching: RHP Jorge Jiménez
|
|
Batting: SHB Alexandre Chabot
|
0-0: Foul Ball, location: 2F 0-1: Ball 1-1: SINGLE (Groundball, 6MS)
|
Batting: RHB Gregg Nelson
|
0-0: Ball 1-0: SINGLE (Line Drive, 56) Alexandre Chabot to second
|
Batting: RHB William Richardson
|
0-0: Ball 1-0: Ground out 5-3 (Groundball, 56S) Alexandre Chabot to third Gregg Nelson to second
|
Batting: LHB José Antonio Santiago
|
0-0: Called Strike 0-1: Ball 1-1: Ball 2-1: Fly out, F6 (Popup, 6)
|
Batting: RHB Earl Wiggins
|
0-0: Called Strike 0-1: Fly out, F3 (Line Drive, 34)
|
Top of the 5th over - 0 run(s), 2 hit(s), 0 error(s), 2 left on base; So Cal 3 - Los Cabos 1 |
BOTTOM OF THE 5TH |
Los Cabos Cartel batting - Pitching for So Cal Henvy : RHP Alejandro Méndez
|
Pitching: LHP Fred Martin
|
|
Batting: SHB Edgardo Osorio
|
0-0: Ball 1-0: Foul Ball, location: 2F 1-1: Swinging Strike 1-2: Strikes out swinging
|
Batting: RHB Wilbert Rodgers
|
0-0: Ball 1-0: Swinging Strike 1-1: Ground out 6-3 (Groundball, 56)
|
Batting: RHB Ángel Garza
|
0-0: Ball 1-0: Ball 2-0: Called Strike 2-1: Swinging Strike 2-2: Ball 3-2: Strikes out swinging
|
Bottom of the 5th over - 0 run(s), 0 hit(s), 0 error(s), 0 left on base; So Cal 3 - Los Cabos 1 |
TOP OF THE 6TH |
So Cal Henvy batting - Pitching for Los Cabos Cartel : RHP Jorge Jiménez
|
Batting: LHB César Valentín
|
0-0: Ball 1-0: Ball 2-0: Ball 3-0: Base on Balls
|
Batting: SHB Miguel González
|
0-0: Ball 1-0: Ball 2-0: Ball 3-0: Base on Balls César Valentín to second
|
Batting: RHB Rubén Calderón
|
0-0: Ball 1-0: Called Strike 1-1: Swinging Strike 1-2: Fly out, F8 (Flyball, 8LXD) Runner from 2nd tags up, SAFE at 3rd, no throw
|
Batting: RHB Morgan Gibbon
|
0-0: Grounds into double play, 4-6-3 (Groundball, 34)
|
Top of the 6th over - 0 run(s), 0 hit(s), 0 error(s), 1 left on base; So Cal 3 - Los Cabos 1 |
BOTTOM OF THE 6TH |
Los Cabos Cartel batting - Pitching for So Cal Henvy : LHP Fred Martin
|
Batting: RHB Oliver Hernández
|
0-0: Ball 1-0: Ground out 4-3 (Groundball, 4)
|
Batting: RHB Jesús Hernández
|
0-0: Reached on error, E6 (Groundball, 6M)
|
Batting: LHB Miguel Rivería
|
0-0: Ball 1-0: Foul Ball, location: 2F 1-1: Ball 2-1: Ball 3-1: Called Strike 3-2: Foul Ball, location: 2F 3-2: SINGLE (Line Drive, 34D) Jesús Hernández to second
|
Batting: LHB Willie Wallace
|
0-0: Ball 1-0: Fielders Choice at 2nd, U4 (Groundball, 4M) Jesús Hernández to third
|
Batting: RHB John Pick
|
0-0: Called Strike 0-1: Ball 1-1: Ball 2-1: Swinging Strike 2-2: Strikes out swinging
|
Bottom of the 6th over - 0 run(s), 1 hit(s), 1 error(s), 2 left on base; So Cal 3 - Los Cabos 1 |
TOP OF THE 7TH |
So Cal Henvy batting - Pitching for Los Cabos Cartel : RHP Jorge Jiménez
|
Pitching: RHP Pedro Hernández
|
|
Batting: SHB Alexandre Chabot
|
0-0: Ball 1-0: Foul Ball, location: 2F 1-1: Called Strike 1-2: Fly out, F7 (Flyball, 78D)
|
Batting: RHB Gregg Nelson
|
0-0: Swinging Strike 0-1: Ball 1-1: Ground out 6-3 (Groundball, 56)
|
Pinch Hitting: LHB John Peterson
|
0-0: Called Strike 0-1: Foul Ball, location: 2F 0-2: Strikes out swinging
|
Top of the 7th over - 0 run(s), 0 hit(s), 0 error(s), 0 left on base; So Cal 3 - Los Cabos 1 |
BOTTOM OF THE 7TH |
Los Cabos Cartel batting - Pitching for So Cal Henvy : LHP Fred Martin
|
Pitching: LHP Stanley Inman
|
|
Now in LF: John Peterson
|
|
Batting: RHB Franklin Shaw
|
0-0: Called Strike 0-1: Called Strike 0-2: Ball 1-2: Ball 2-2: Foul Ball, location: 2F 2-2: Ground out 6-3 (Groundball, 6)
|
Batting: SHB Edgardo Osorio
|
0-0: Called Strike 0-1: Called Strike 0-2: Foul Ball, location: 2F 0-2: Strikes out looking
|
Batting: RHB Wilbert Rodgers
|
0-0: Ball 1-0: Called Strike 1-1: Ball 2-1: Fly out, F4 (Popup, 4MD)
|
Bottom of the 7th over - 0 run(s), 0 hit(s), 0 error(s), 0 left on base; So Cal 3 - Los Cabos 1 |
TOP OF THE 8TH |
So Cal Henvy batting - Pitching for Los Cabos Cartel : RHP Pedro Hernández
|
Pinch Hitting: LHB Al Mills
|
0-0: Ball 1-0: Ball 2-0: Called Strike 2-1: Foul Ball, location: 2F 2-2: Foul Ball, location: 2F 2-2: Fly out, F9 (Flyball, 9LS)
|
Batting: RHB Earl Wiggins
|
0-0: Ball 1-0: Ball 2-0: Foul Ball, location: 2F 2-1: Foul Ball, location: 2F 2-2: Ball 3-2: Foul Ball, location: 2F 3-2: Ground out 6-3 (Groundball, 6M)
|
Pinch Hitting: LHB Fernando De La Cruz
|
0-0: Foul Ball, location: 2F 0-1: Ball 1-1: Swinging Strike 1-2: Foul Ball, location: 2F 1-2: Ball 2-2: Ball 3-2: Strikes out swinging
|
Top of the 8th over - 0 run(s), 0 hit(s), 0 error(s), 0 left on base; So Cal 3 - Los Cabos 1 |
BOTTOM OF THE 8TH |
Los Cabos Cartel batting - Pitching for So Cal Henvy : LHP Stanley Inman
|
Now at 1B: Al Mills
|
|
Now in CF: Eliot Helen
|
|
Pinch Hitting: RHB Stephen Wilson
|
0-0: Ball 1-0: Foul Ball, location: 2F 1-1: Foul Ball, location: 2F 1-2: Ball 2-2: Foul Ball, location: 2F 2-2: Fly out, F5 (Popup, 5L)
|
Pinch Hitting: SHB Rob Grun
|
0-0: Ball 1-0: Ball 2-0: Ball 3-0: Base on Balls
|
Batting: RHB Jesús Hernández
|
0-0: Called Strike 0-1: Ball 1-1: Foul Ball, location: 2F 1-2: Foul Ball, location: 2F 1-2: Foul Ball, location: 2F 1-2: Strikes out swinging
|
Pinch Hitting: RHB António Magana
|
0-0: Ball 1-0: Called Strike 1-1: Swinging Strike 1-2: Foul Ball, location: 2F 1-2: Strikes out swinging
|
Bottom of the 8th over - 0 run(s), 0 hit(s), 0 error(s), 1 left on base; So Cal 3 - Los Cabos 1 |
TOP OF THE 9TH |
So Cal Henvy batting - Pitching for Los Cabos Cartel : RHP Pedro Hernández
|
Now at 3B: Gerardo Escobedo
|
|
Now at SS: Stephen Wilson
|
|
Now in LF: Rob Grun
|
|
Batting: SHB Miguel González
|
0-0: Called Strike 0-1: Called Strike 0-2: Foul Ball, location: 2F 0-2: Ball 1-2: Foul Ball, location: 2F 1-2: Strikes out swinging
|
Batting: RHB Rubén Calderón
|
0-0: Ball 1-0: Foul Ball, location: 2F 1-1: Foul Ball, location: 2F 1-2: Ball 2-2: Ball 3-2: Foul Ball, location: 2F 3-2: Strikes out swinging
|
Batting: RHB Morgan Gibbon
|
0-0: Fly out, F9 (Popup, 4D)
|
Top of the 9th over - 0 run(s), 0 hit(s), 0 error(s), 0 left on base; So Cal 3 - Los Cabos 1 |
BOTTOM OF THE 9TH |
Los Cabos Cartel batting - Pitching for So Cal Henvy : LHP Stanley Inman
|
Pitching: RHP Juan Flores
|
|
Batting: SHB Julián Madrid
|
0-0: Called Strike 0-1: Ball 1-1: Called Strike 1-2: Ball 2-2: Foul Ball, location: 2F 2-2: Ground out 4-3 (Groundball, 34)
|
Pinch Hitting: LHB Luis González
|
0-0: Ball 1-0: SOLO HOME RUN (Flyball, 89XD), Distance : 419 ft
|
Pinch Hitting: LHB José Rivas
|
0-0: Called Strike 0-1: Ball 1-1: Foul Ball, location: 2F 1-2: Strikes out swinging
|
Pinch Hitting: LHB Manny Quińones
|
0-0: Called Strike 0-1: Foul Ball, location: 2F 0-2: Strikes out looking
|
Bottom of the 9th over - 1 run(s), 1 hit(s), 0 error(s), 0 left on base; So Cal 3 - Los Cabos 2 |
|